 Dungeon Crawl Stone Soup version 0.27-a0-96-gb51a1d6fd6 (webtiles) character file.

Game seed: 5914779738059112465

152077 timneilson the Tortoise (level 17, -7/106 HPs)
             Began as a Gargoyle Fighter on Jan 20, 2021.
             Was a High Priest of Okawaru.
             Mangled by a wolf spider (14 damage)
             ... on level 3 of the Spider Nest.
             The game lasted 00:58:35 (26807 turns).

timneilson the Tortoise (Gargoyle Fighter)         Turns: 26807, Time: 00:58:36

Health: -7/106     AC: 44    Str: 29      XL:     17   Next: 57%
Magic:  1/25       EV: 10    Int: 12      God:    Okawaru [*****.]
Gold:   2585       SH:  0    Dex:  8 (9)  Spells: 16/16 levels left

rFire    + + .     SeeInvis .   M - +10 double sword of Dissatisfaction {vorpal, rF+ rN+ Will- Str+5}
rCold    + + .     Faith    .   l - +3 kite shield
rNeg     + + .     Spirit   .   t - +0 plate armour
rPois    ∞         Reflect  +   j - +0 helmet
rElec    +         Harm     .   q - scarf {rC+ rF+}
rCorr    .         Rampage  .   Q - +1 pair of gloves {archery}
Will     .....                  P - +1 pair of boots
Stlth    ..........             m - amulet of reflection
HPRegen  0.27/turn              B - ring of protection from cold
MPRegen  0.19/turn              s - +4 ring of protection

@: confused, heroism, flying
A: big wings, negative energy resistance 1, electricity resistance, unbreathing,
petrification resistance, miasma immunity, AC +12
a: Stop Flying, Renounce Religion, Heroism, Finesse


You were on level 3 of the Spider Nest.
You worshipped Okawaru.
Okawaru was extremely pleased with you.
You visited 5 branches of the dungeon, and saw 27 of its levels.

You collected 2585 gold pieces.

Inventory:

Hand Weapons
 J - a +3 scimitar of flaming
 M - the +10 double sword of Dissatisfaction (weapon) {vorpal, rF+ rN+ Will- Str+5}
   (Okawaru gifted it to you on level 14 of the Dungeon)

   It inflicts extra damage upon your enemies.
   It affects your strength (+5).
   It protects you from fire.
   It protects you from negative energy.
   It affects your willpower, your defense against some magical effects.
Armour
 j - a +0 helmet (worn)
 l - a +3 kite shield (worn)
 q - a scarf of resistance (worn)
 t - a +0 plate armour (worn)
 P - a +1 pair of boots (worn)
 Q - a +1 pair of gloves of archery (worn)
Jewellery
 d - an uncursed ring of fire
 m - an amulet of reflection (around neck)
 s - a +4 ring of protection (right hand)
 A - an uncursed ring of willpower
 B - a ring of protection from cold (left hand)
 E - an uncursed ring of ice
 F - an uncursed amulet of regeneration
 H - an uncursed ring of positive energy
 R - an uncursed ring of willpower
Wands
 f - a wand of acid (15)
 x - a wand of flame (36)
 I - a wand of iceblast (12)
Scrolls
 a - 4 scrolls of blinking
 b - a scroll of fear
 g - 11 scrolls of teleportation
 i - 2 scrolls of enchant weapon
 n - 4 scrolls of enchant armour
 v - a scroll of magic mapping
 w - 6 scrolls of remove curse
 D - 3 scrolls of holy word
 G - 9 scrolls of identify
 K - a scroll of summoning
 O - 4 scrolls of fog
Potions
 c - 5 potions of haste
 e - 12 potions of lignification
 h - a potion of heal wounds
 o - 6 potions of ambrosia {unknown}
 p - 2 potions of mutation
 r - 7 potions of curing
 u - 3 potions of might
 z - 4 potions of attraction
Miscellaneous
 k - a tin of tremorstones (inert)
 C - a phantom mirror


   Skills:
 + Level 11.9(16.9) Fighting
 * Level 13.3(18.3) Long Blades
 * Level 15.7(20.7) Armour
 * Level 15.7(20.7) Shields
 + Level 11.1 Invocations
 + Level 8.6 Evocations


You had 16 spell levels left.
You didn't know any spells.
Your spell library contained the following spells:

 Spells                   Type           Power        Failure   Level
 Animate Skeleton         Necr           0%           80%         1
 Apportation              Tloc           0%           80%         1
 Corona                   Hex            0%           80%         1
 Freeze                   Ice            0%           80%         1
 Magic Dart               Conj           0%           80%         1
 Pain                     Necr           0%           80%         1
 Summon Small Mammal      Summ           0%           80%         1
 Blink                    Tloc           N/A          90%         2
 Call Imp                 Summ           0%           90%         2
 Ensorcelled Hibernation  Hex/Ice        0%           90%         2
 Slow                     Hex            0%           90%         2
 Confusing Touch          Hex            0%           99%         3
 Conjure Flame            Conj/Fire      0%           99%         3
 Dazzling Flash           Conj/Hex       0%           99%         3
 Frozen Ramparts          Ice            0%           99%         3
 Mephitic Cloud           Conj/Pois/Air  0%           99%         3
 Ozocubu's Armour         Ice            0%           99%         3
 Tukima's Dance           Hex            0%           99%         3
 Vampiric Draining        Necr           0%           99%         3
 Animate Dead             Necr           0%           100%        4
 Hailstorm                Conj/Ice       0%           100%        4
 Summon Ice Beast         Ice/Summ       0%           100%        4
 Agony                    Necr           0%           100%        5
 Borgnjor's Vile Clutch   Necr/Erth      0%           100%        5
 Silence                  Hex/Air        0%           100%        5
 Death Channel            Necr           0%           100%        6
 Shadow Creatures         Summ           N/A          100%        6
 Simulacrum               Ice/Necr       0%           100%        6


Dungeon Overview and Level Annotations

Branches:
Dungeon (15/15)            Temple (1/1) D:4            Lair (6/6) D:10
 Shoals (0/4) Lair:2       Spider (3/4) Lair:2        Slime (0/5) Lair:5
    Orc (2/2) D:11            Elf (0/3) Orc:2        Vaults (0/5) D:14
 Depths (0/5) D:15

Altars:
Ashenzari
Cheibriados
Dithmenos
Elyvilon
Fedhas
Gozag
Hepliaklqana
Kikubaaqudgha
Makhleb
Nemelex Xobeh
Okawaru
Qazlal
Ru
Sif Muna
Trog
Uskayaw
Vehumet
Wu Jian
Xom
Yredelemnul
Zin
The Shining One
Jiyva

Shops:
D:5 }   D:10 (   D:12 !   D:14 (   Orc:1 ?}   Orc:2 **?*==:(*

Annotations:
D:7 2 transporters, pistachioham's ghost, novice DEWz
D:8 3 runed translucent doors
Lair:5 1 runed translucent door
Lair:6 3 runed translucent doors, garrulousMonolith's ghost, journeyman GnFi


Innate Abilities, Weirdness & Mutations

You are resistant to torment.
Your stone body is resilient. (AC +12)
You are immune to poison.
Your large and strong wings let you fly indefinitely.
You resist negative energy. (rN+)
You are resistant to electric shocks. (rElec)
You can survive without breathing.
You are immune to petrification.
You are immune to miasma.


Message History

The redback barely misses you.
You barely miss the tarantella.
The tarantella is moderately wounded.
The tarantella misses you. The redback misses you. The wolf spider hits you!
* * * LOW HITPOINT WARNING * * *
The wolf spider bites you but does no damage.
The redback bites you.
* * * LOW HITPOINT WARNING * * *
The tarantella closely misses you.
The tarantella bites you but does no damage.
The jumping spider leaps!
The redback bites you.
* * * LOW HITPOINT WARNING * * *
The wolf spider hits you but does no damage.
The wolf spider bites you but does no damage.
You feel much better. The redback barely misses you. The tarantella bites you!!
* * * LOW HITPOINT WARNING * * *
The tarantella bites you!
* * * LOW HITPOINT WARNING * * *
The wolf spider hits you!
You die...

,,*,,,,*,,*,,,,,**,,,,,,,,*,,,,**
*^*,,,,,,.#..*,,,..#,,^***,,**^≈*
,,,,***^,.>..,,,,..?,,>,,,,,,,≈**
,,,*,,,,,.)..<,,,..,,,,,,,,,,≈**
,,,,,,,,,,..^°***..,,,******≈**
,,,,,*,,,..#.s.,,.##,,,.,,,,≈*
,,^,,,,,*,,..s.#^s.##..^,,,,≈*
,,*,,,,,,.#..#$s#s....#,*,,,**
,,,,,,,,,#s...†s@sy.°.#,,*,≈≈*
,,*,,^*,,#.#^..#s#..#..#,*****
,,,,,,,,,,*#..,.#.,>...,,*,***
,,,,,,*,,,...,..,..,.##.,,,,≈*
,,,,,,,*^.##,#..*#.^,..*,,**,*
*,,,,*,,,,,*,...,*#..,#.,,,,**
,,,,,,,,,,,,.#..,,*...,**,*,*
,,,,,,*,,,,..#^.,,,,.#.,,*,,**
,,***,,,,****^**,*,,***,,,,,^*


You could see a wolf spider (berserk), a moth of wrath, 2 orb spiders, a jumping
spider, 2 tarantellas and 3 redbacks.

Vanquished Creatures
  Arachne (Spider:3)
  Aizul (Spider:2)
  A ghost moth (Spider:3)
  An emperor scorpion (Spider:2)
  An entropy weaver (Spider:1)
  Azrael (D:14)
  A fire dragon (D:15)
  Snorg (Lair:5)
  An ogre mage (D:15)
  An ice dragon (D:15)
  Harold (D:9)
  A boulder beetle (Lair:1)
  9 hydras
  A catoblepas (D:13)
  A centaur warrior (D:15)
  Erica (D:11)
  6 two-headed ogres
  A death knight (D:12)
  4 orc high priests
  Sonja (Lair:4)
  An unseen horror (shapeshifter) (D:14)
  2 unseen horrors
  A lindwurm (Lair:5)
  5 orc knights
  A harpy (shapeshifter) (D:14)
  17 ugly things
  14 wolf spiders
  2 manticores (D:12)
  5 orc sorcerers
  3 elephants (Lair:5)
  5 cyclopes
  An orb spider (Spider:1)
  A deep elf mage (D:12)
  A moth of wrath (Spider:3)
  4 black mambas
  2 torpor snails (Spider:1)
  29 cane toads
  A freezing wraith (D:12)
  A gargoyle (D:15)
  4 kobold demonologists
  An efreet (D:13)
  5 demonic crawlers (Spider:1)
  3 rime drakes
  A rime drake (shapeshifter) (D:14)
  8 komodo dragons
  10 trolls
  A tengu conjurer (D:13)
  20 jumping spiders
  4 tyrant leeches (Lair:6)
  3 hornets
  3 polar bears
  A jumping spider (shapeshifter) (D:14)
  3 meliai (Spider:2)
  A queen bee (Spider:2)
  A snapping turtle (Lair:2)
  17 blink frogs
  7 slime creatures (D:12)
  13 dream sheep
  17 tarantellas
  A vampire (D:13)
  10 wraiths
  2 shadows
  66 yaks
  45 redbacks
  2 wyverns (D:10)
  5 basilisks
  A fire elemental (D:14)
  A hog (shapeshifter) (D:15)
  9 vampire mosquitoes
  3 wargs (Orc:1)
  2 soldier ants
  3 acid dragons
  22 water moccasins
  3 hell hounds (D:14)
  17 orc warriors
  2 black bears
  A sky beast (D:6)
  8 ice beasts
  6 necrophages
  10 wolves
  13 ogres
  An eye of draining (D:12)
  8 centaurs
  The ghost of zarzak the Skirmisher, an amateur GrFi (D:3)
  5 big kobolds
  34 bullfrogs
  A gnoll sergeant (D:10)
  2 wyvern skeletons
  6 scorpions
  25 killer bees
  19 wights
  3 electric eels
  3 howler monkeys
  4 jellies
  A bullfrog zombie (D:6)
  6 hounds
  A human zombie (D:9)
  20 orc wizards
  2 quasits
  A gnoll shaman (D:5)
  13 orc priests
  2 bullfrog skeletons
  6 iguanas
  5 centaur skeletons
  10 worker ants
  2 mummies (D:9)
  16 gnolls
  15 adders
  5 shadow imps
  6 white imps
  5 ufetubi
  2 oozes
  An adder skeleton (D:6)
  2 worms (D:3)
  2 dart slugs
  3 adder simulacra (D:3)
  9 leopard geckos
  46 orcs
  5 giant cockroaches
  5 goblins
  11 hobgoblins
  22 jackals
  16 kobolds
  2 quokkas
  2 ball pythons (D:2)
  A ball python simulacrum (D:3)
  7 bats
  2 frilled lizards
  A giant cockroach simulacrum (D:3)
  A jackal skeleton (D:9)
  An orc zombie (D:9)
  8 rats
864 creatures vanquished.

Vanquished Creatures (others)
  An orc warrior (Orc:1)
  An orc (Orc:1)
  44 fungi
  114 plants
  4 toadstools (D:8)
164 creatures vanquished.

Grand Total: 1028 creatures vanquished

Notes
Turn   | Place    | Note
-------+----------+-------------------------------------------
     0 | D:1      | timneilson the Gargoyle Fighter began the quest for the
                  | Orb.
     0 | D:1      | Reached XP level 1. HP: 14/14 MP: 1/1
   100 | D:1      | Reached XP level 2. HP: 19/19 MP: 2/2
   310 | D:1      | Reached XP level 3. HP: 23/23 MP: 3/3
   962 | D:2      | Found a glowing silver altar of Zin.
  1017 | D:2      | Reached XP level 4. HP: 26/28 MP: 4/4
  1652 | D:3      | Reached XP level 5. HP: 33/33 MP: 5/5
  1728 | D:3      | Noticed zarzak's ghost (amateur GrFi)
  1763 | D:3      | Found a stormy altar of Qazlal.
  1808 | D:3      | Found a runed translucent gate.
  1808 | D:3      | Found a runed translucent gate.
  1808 | D:3      | Found a runed translucent gate.
  2086 | D:3      | Found a white marble altar of Elyvilon.
  2180 | D:3      | Found a basalt altar of Yredelemnul.
  2438 | D:3      | Killed zarzak's ghost
  2439 | D:3      | Reached XP level 6. HP: 18/38 MP: 6/6
  2723 | D:4      | Found a blossoming altar of Fedhas.
  2929 | D:4      | Found a staircase to the Ecumenical Temple.
  2941 | Temple   | Entered the Ecumenical Temple
  3237 | D:4      | Reached skill level 5 in Shields
  3340 | D:4      | Found an iron altar of Okawaru.
  3345 | D:4      | Became a worshipper of Warmaster Okawaru
  3489 | D:4      | Reached skill level 5 in Armour
  3722 | D:5      | Entered Level 5 of the Dungeon
  3894 | D:5      | Reached XP level 7. HP: 39/44 MP: 7/7
  4007 | D:5      | Reached skill level 1 in Invocations
  4404 | D:5      | Reached * piety under Okawaru
  4475 | D:5      | Found a burning altar of Makhleb.
  4538 | D:5      | Found Ikism's Gadget Emporium.
  4741 | D:5      | Reached XP level 8. HP: 41/48 MP: 9/9
  5057 | D:6      | Reached skill level 5 in Fighting
  5248 | D:6      | Reached ** piety under Okawaru
  5276 | D:6      | Reached skill level 5 in Long Blades
  5972 | D:7      | Reached XP level 9. HP: 54/54 MP: 11/11
  6394 | D:7      | Found a transporter.
  6397 | D:7      | Noticed a moth of wrath
  6398 | D:7      | Noticed pistachioham's ghost (novice DEWz)
  6515 | D:7      | Found a sacrificial altar of Ru.
  6690 | D:7      | Reached *** piety under Okawaru
  6743 | D:7      | Found a transporter.
  7222 | D:8      | Found a runed translucent gate.
  7222 | D:8      | Noticed a glowing orange brain
  7333 | D:8      | Found a broken altar of Ashenzari.
  7449 | D:8      | Reached XP level 10. HP: 57/61 MP: 13/13
  7477 | D:8      | Found the +5 scythe "Finisher" {speed, eviscerate}
  7497 | D:8      | Reached **** piety under Okawaru
  7498 | D:8      | Reached skill level 1 in Evocations
  7628 | D:8      | Found a radiant altar of Vehumet.
  7747 | D:8      | Found a runed translucent gate.
  7747 | D:8      | Found a runed translucent gate.
  7747 | D:8      | Noticed a white ugly thing
  7747 | D:8      | Noticed a green ugly thing
  7749 | D:8      | Noticed a cyan ugly thing
  8207 | D:9      | Noticed Harold
  8229 | D:9      | Killed Harold
  8319 | D:9      | Reached skill level 5 in Invocations
  8436 | D:9      | Reached ***** piety under Okawaru
  8738 | D:9      | Found an ancient bone altar of Kikubaaqudgha.
  8977 | D:10     | Entered Level 10 of the Dungeon
  9159 | D:10     | Received a gift from Okawaru
  9160 | D:10     | Found the +10 zealot's sword {holy, *Rage rN+ EV+3}
  9278 | D:10     | Found a stormy altar of Qazlal.
  9363 | D:10     | Found Meq Mara's Weapon Shop.
  9423 | D:10     | Reached XP level 11. HP: 67/67 MP: 15/15
  9623 | D:10     | Found a staircase to the Lair.
  9636 | D:10     | Reached skill level 10 in Armour
  9639 | D:10     | Reached skill level 10 in Shields
  9826 | D:10     | Killed an unseen horror
 10477 | D:11     | Noticed a two-headed ogre
 10485 | D:11     | Killed a two-headed ogre
 10623 | D:11     | Received a gift from Okawaru
 10682 | D:11     | Found a staircase to the Orcish Mines.
 10760 | D:11     | Noticed Erica
 10793 | D:11     | Reached XP level 12. HP: 73/73 MP: 16/16
 10805 | D:11     | Killed Erica
 10843 | D:11     | Noticed a two-headed ogre
 10851 | D:11     | Killed a two-headed ogre
 11271 | D:12     | Reached ****** piety under Okawaru
 11779 | D:12     | Received a gift from Okawaru
 11894 | D:12     | Noticed a death knight
 11901 | D:12     | Killed a death knight
 12140 | D:12     | Noticed a two-headed ogre
 12146 | D:12     | Killed a two-headed ogre
 12147 | D:12     | Reached skill level 5 in Evocations
 12147 | D:12     | Reached XP level 13. HP: 80/80 MP: 18/18
 12295 | D:12     | Found Cyaqivvi's Distillery.
 12527 | D:13     | Reached skill level 10 in Long Blades
 13008 | D:13     | Received a gift from Okawaru
 13631 | D:14     | Found Ydodet's Antique Weapon Shoppe.
 13740 | D:14     | Found a gate to the Vaults.
 13874 | D:14     | Noticed Azrael
 13885 | D:14     | Killed Azrael
 13985 | D:14     | Received a gift from Okawaru
 13991 | D:14     | Got a translucent double sword {god gift}
 13992 | D:14     | Identified the +10 double sword of Dissatisfaction {vorpal,
                  | rF+ rN+ Will- Str+5} (Okawaru gifted it to you on level 14
                  | of the Dungeon)
 14395 | Lair:1   | Entered Level 1 of the Lair of Beasts
 14599 | Lair:1   | Received a gift from Okawaru
 14810 | Lair:1   | Received a gift from Okawaru
 15015 | Lair:1   | Gained mutation: Your large and strong wings let you fly
                  | indefinitely. [Gargoyle growth]
 15015 | Lair:1   | Reached XP level 14. HP: 87/87 MP: 20/20
 15660 | Lair:2   | Found a staircase to the Shoals.
 15893 | Lair:2   | Found a hole to the Spider Nest.
 15903 | Lair:2   | Received a gift from Okawaru
 15924 | Lair:2   | Identified the +4 chain mail of the Invisible Hand {Str-3
                  | Int+4 Dex+6} (Okawaru gifted it to you on level 2 of the
                  | Lair of Beasts)
 16473 | Lair:3   | Reached skill level 10 in Fighting
 17510 | Lair:4   | Noticed Sonja
 17517 | Lair:4   | Killed Sonja
 18120 | Lair:4   | Reached XP level 15. HP: 93/93 MP: 20/22
 18546 | Lair:5   | Found a runed translucent door.
 18546 | Lair:5   | Found a viscous altar of Jiyva.
 18546 | Lair:5   | Found a staircase to the Slime Pits.
 18611 | Lair:5   | Noticed Snorg
 18623 | Lair:5   | Killed Snorg
 18789 | Lair:5   | Received a gift from Okawaru
 19507 | Lair:6   | Entered Level 6 of the Lair of Beasts
 19710 | Lair:6   | Reached XP level 16. HP: 97/99 MP: 23/23
 19971 | Lair:6   | Received a gift from Okawaru
 19985 | Lair:6   | Got a pair of spiked boots {god gift}
 19986 | Lair:6   | Identified the +0 pair of boots of the Thoughtful Ships
                  | {*Corrode rPois rC+ Str+4} (Okawaru gifted it to you on
                  | level 6 of the Lair of Beasts)
 20142 | Lair:6   | Reached skill level 10 in Invocations
 20256 | Lair:6   | Noticed garrulousMonolith's ghost (journeyman GnFi)
 20264 | Lair:6   | Found a runed translucent gate.
 20265 | Lair:6   | Found a runed translucent gate.
 20266 | Lair:6   | Found a runed translucent gate.
 21174 | Orc:1    | Entered Level 1 of the Orcish Mines
 21174 | Orc:1    | Found Uzonn's Magic Scroll Emporium.
 21528 | Orc:2    | Entered Level 2 of the Orcish Mines
 21528 | Orc:2    | Found Maucic's General Store.
 21666 | Orc:2    | Found a staircase to the Elven Halls.
 21681 | Orc:2    | Found Lukhlehi's General Store.
 21898 | Orc:2    | Found Feas's Assorted Antiques.
 21905 | Orc:2    | Found Vazecumua's Jewellery Emporium.
 21914 | Orc:2    | Found Maolosots's Magic Scroll Boutique.
 22324 | Orc:2    | Found Usessek's Jewellery Emporium.
 22324 | Orc:2    | Found Ginick's Book Shop.
 22326 | Orc:2    | Found Satososm's Antique Weapon Emporium.
 22326 | Orc:2    | Found Atuebung's General Store.
 22766 | Orc:1    | Found Vuopp's Gadget Emporium.
 23176 | D:15     | Entered Level 15 of the Dungeon
 23304 | D:15     | Received a gift from Okawaru
 23621 | D:15     | Reached skill level 15 in Armour
 23796 | D:15     | Reached skill level 15 in Shields
 23916 | D:15     | Found a white marble altar of Elyvilon.
 23986 | D:15     | Found a staircase to the Depths.
 24410 | Spider:1 | Entered Level 1 of the Spider Nest
 24597 | Spider:1 | Reached XP level 17. HP: 98/104 MP: 24/24
 25951 | Spider:2 | Received a gift from Okawaru
 26166 | Spider:2 | Noticed Aizul
 26195 | Spider:2 | Killed Aizul
 26730 | Spider:3 | Noticed Arachne
 26751 | Spider:3 | Killed Arachne
 26807 | Spider:3 | Mangled by a wolf spider

Illustrated notes

Levels and vault maps discovered:
D:1:      lemuel_arrival_behind_the_door_small, layout_basic
D:2:      layout_loops_ring, old_standard_altar
D:3:      layout_loops_ring, kennysheep_ying_yang, lemuel_round_altar,
          gammafunk_ghost_icy, serial_bayou_lake_a
D:4:      layout_loops_corners, fedhas_altar_1, kennysheep_little_box,
          minmay_temple_entry_statues, hangedman_decor_push
D:5:      layout_basic, basic_altar, serial_shops,
          nicolae_shop_competitors_out_of_business
D:6:      layout_cave_pools, minmay_misc_feat_secret_circle, sigmund_army
D:7:      layout_basic, lemuel_round_altar, gammafunk_ghost_berserking_beasts,
          kennysheep_another_room, chequers_serial_rivers_large_b
D:8:      layout_cave_pools, kennysheep_mini, cheibrodos_ashenzari_chains,
          ploomutoo_gammafunk_ghost_potion_laboratory, minmay_gold_behind_fungi,
          minmay_guarded_unrand_finisher
D:9:      layout_loops_ring, lemuel_mausoleum_altar_kikubaaqudgha, uniq_harold
D:10:     layout_basic, minmay_lair_entry_grove, serial_shops,
          nicolae_shop_behind_doors, nicolae_qazlal_general_emergency
D:11:     layout_roguey, orc_0_dummy, serial_curves, eino_curves_01,
          eino_curves_01, uniq_erica
D:12:     layout_loops_ring, serial_shops, shop
D:13:     layout_long_grid
D:14:     layout_basic, david_vaults_2, minmay_misc_feat_nine_boxes,
          serial_shops, shop, uniq_azrael
D:15:     grunt_enter_depths_hoard, layout_cave_pools, elyvilon_altar_5
Temple:   hc_temple_tempest_star
Lair:1:   layout_long_grid, nzn_sisyphean_effort
Lair:2:   layout_long_grid, minmay_shoals_entry_hut,
          nicolae_spider_entry_tight_spaces, chequers_serial_rivers_small_a,
          amcnicky_mini_pool_medium
Lair:3:   layout_chaotic_city, chequers_serial_rivers_room_a
Lair:4:   layout_regular_city, uniq_sonja
Lair:5:   layout_layer_cave, slime_altar_2, st_stairs_6, serial_bayou_shore_a,
          uniq_snorg
Lair:6:   minmay_lair_end_frog_pond, layout_layer_cave, gammafunk_ghost_split
Spider:1: layout_spider_delve, drop_trap
Spider:2: layout_spider_delve, special_room [special_room_bee], uniq_aizul
Spider:3: layout_spider_delve, portal_ice_cave_entry_ugly_swarm, drop_trap,
          uniq_arachne
Orc:1:    layout_caves, serial_shops, shop, nicolae_shop_stone,
          nicolae_orc_flooded_monolith
Orc:2:    grunt_orc_tribal_feast, layout_caves, serial_shops,
          nicolae_shop_crystal, shop, nicolae_shop_stone, shop_coins,
          shop_fountains

Skill      XL: |  1  2  3  4  5  6  7  8  9 10 11 12 13 14 15 16 17 |
---------------+----------------------------------------------------+-----
Long Blades    | 2 3 4 5 6 7 8 9 10 11 12 13 | 13.3
Armour         | 4 5 6 7 8 9 10 11 12 13 14 15 | 15.7
Shields        | 4 5 6 7 8 9 10 11 12 13 14 15 | 15.7
Fighting       | 4 5 6 7 8 9 10 11 | 11.9
Invocations    | 1 3 4 5 6 7 8 9 10 11 | 11.1
Evocations     | 2 3 5 6 7 8 |  8.6

Action                   |  1- 3 |  4- 6 |  7- 9 | 10-12 | 13-15 | 16-18 || total
-------------------------+-------+-------+-------+-------+-------+-------++-------
Melee: Long sword        |   106 |   294 |   379 |       |       |       ||   779
       Scimitar          |       |       |   195 |   272 |    39 |    17 ||   523
       Eudemon blade     |       |       |       |   382 |   185 |       ||   567
       Double sword      |       |       |       |       |   470 |   859 ||  1329
Invok: Heroism           |       |       |     2 |     3 |     7 |    18 ||    30
       Finesse           |       |       |       |       |       |     5 ||     5
 Abil: Fly               |       |       |       |       |     1 |       ||     1
Evoke: Tin of tremorston |       |       |       |       |       |     2 ||     2
  Use: Scroll            |     5 |    10 |     1 |     8 |     5 |     6 ||    35
       Potion            |       |     1 |       |       |     1 |     4 ||     6
Armor: Scale mail        |    50 |    87 |   285 |    62 |       |       ||   484
       Plate armour      |       |       |       |   126 |   327 |   671 ||  1124
Dodge: Dodged            |    41 |    53 |   140 |    81 |   131 |   351 ||   797
Block: Kite shield       |    66 |   270 |   699 |   455 |   757 |  1392 ||  3639
       Reflection        |       |     2 |    17 |    19 |     6 |    13 ||    57
       Rpst.: Long sword |    16 |    16 |    27 |       |       |       ||    59
       Scimitar          |       |       |    19 |    12 |     1 |       ||    32
       Eudemon blade     |       |       |       |     8 |     7 |       ||    15
       Double sword      |       |       |       |       |    30 |    89 ||   119

Table legend: (Time is in decaauts)
 A = Elapsed time spent in this place.
 B = Non-inter-level travel time spent in this place.
 C = Inter-level travel time spent in this place.
 D = Time resting spent in this place.
 E = Time spent auto-exploring this place.
 F = Levels seen in this place.
 G = Mean time per level.
                   A        B        C        D        E       F      G
               +--------+--------+--------+--------+--------+-----+--------+
         Total |  26957 |  25806 |   1151 |    943 |  18748 |  27 |  998.4 |
       Dungeon |  15957 |  15228 |    729 |    386 |  10900 |  15 | 1063.8 |
        Temple |    200 |    187 |     13 |      0 |    186 |   1 |  200.0 |
          Lair |   6736 |   6433 |    303 |     29 |   5181 |   6 | 1122.7 |
   Spider Nest |   2236 |   2214 |     22 |    528 |   1093 |   3 |  745.3 |
  Orcish Mines |   1828 |   1745 |     83 |      0 |   1388 |   2 |  914.0 |
               +--------+--------+--------+--------+--------+-----+--------+

Top non-repeatable levels by time:
  Lair:6: 1468 daAuts
Spider:1: 1444 daAuts
    D:10: 1391 daAuts
  Lair:5: 1389 daAuts
     D:7: 1369 daAuts
     D:5: 1368 daAuts
  Lair:2: 1245 daAuts
    D:13: 1228 daAuts
    D:12: 1208 daAuts
     D:3: 1206 daAuts
   Orc:2: 1158 daAuts
    D:11: 1100 daAuts
    D:15: 1093 daAuts
     D:9: 1022 daAuts
  Lair:4: 976 daAuts
